 Dungeon Crawl Stone Soup version 0.31.0-11-ge490571c62 (webtiles) character file.

Game seed: 6715468920350772003

2596824 iamserjio the Convoker (level 27, 199/199 HPs)
             Began as an Octopode Reaver on Jan 31, 2024.
             Was an Initiate of Gozag.
             Escaped with the Orb
             ... and 5 runes!
             The game lasted 02:56:21 (93546 turns).

iamserjio the Convoker (Octopode Reaver)           Turns: 93546, Time: 02:56:22

Health: 199/199    AC:  9    Str: 20    XL:     27
Magic:  28/45      EV: 37    Int: 35    God:    Gozag
Gold:   23998      SH: 26    Dex: 33    Spells: 2/62 levels left

rFire   + . .        m - +4 broad axe (elec)
rCold   + . .        B - +3 kite shield {rN+}
rNeg    + + .        U - +2 hat
rPois   .            Q - amulet of reflection
rElec   .            v - +4 ring of protection
rCorr   .            D - +6 ring of dexterity
SInv    +            G - +6 ring of dexterity
Will    ++...        C - +6 ring of strength
Stlth   ++           F - ring of Symmetry {rF+ rC+ rN+ SInv}
HPRegen 0.53/turn    t - ring of Notys {Wiz ^Drain Str+2 Int+3 Dex+2}
MPRegen 0.29/turn    X - ring "Gamipp" {Dex+6 Slay+5}
                     L - +6 ring of intelligence

%: reflection, wizardry (x1)
@: maw-form, calling dragons, hasted, studying Stealth, very quick
A: devouring maw, almost no armour, amphibious, 8 rings, camouflage 1,
gelatinous body 1, (nimble swimmer 1), tentacles, iridescent scales 1,
MP-powered wands
0: Orb of Zot
}: 5/15 runes: decaying, serpentine, slimy, silver, abyssal
a: Begin Untransformation, Renounce Religion, Potion Petition, Call Merchant,
Bribe Branch


You escaped.
You worshipped Gozag.
Gozag was extremely pleased with you.
You were a creature with a mouth for a stomach.
You visited 12 branches of the dungeon, and saw 56 of its levels.
You visited the Abyss 1 time.
You also visited: Bailey, Ice Cave and Wizlab.

You collected 32506 gold pieces.
You spent 8477 gold pieces at shops.
You paid 31 gold pieces to Gozag.

Inventory:

Hand Weapons
 d - the +9 spear of Peril {flame, rPois Dex+4 SInv Stlth-}
   (You found it on level 2 of the Dungeon)

   Dex+4:     It affects your dexterity (+4).
   rPois:     It protects you from poison SInv: It lets you see invisible.
   Stlth-:    It makes you less stealthy.
 m - a +4 broad axe of electrocution (weapon)
 s - the +8 trident "Johibba" {freeze, Str+2 Dex+3 Stlth+}
   (You found it on level 5 of the Vaults)

   Str+2:     It affects your strength (+2).
   Dex+3:     It affects your dexterity (+3).
   Stlth+:    It makes you more stealthy.
Missiles
 n - 11 throwing nets {!f}
Armour
 B - a +3 kite shield of positive energy (worn)
 U - a +2 hat (worn)
Jewellery
 e - a ring of resist corrosion
 t - the ring of Notys (on tentacle) {Wiz ^Drain Str+2 Int+3 Dex+2}
   (You found it on level 1 of the Vaults)

   [ring of wizardry]

   Wiz:       It improves your spell success rate.
   Str+2:     It affects your strength (+2).
   Int+3:     It affects your intelligence (+3).
   Dex+2:     It affects your dexterity (+2).
   ^Drain:    It drains your maximum health when unequipped.
 v - a +4 ring of protection (left tentacle)
 x - a ring of protection from fire
 z - the ring of the Taurataur {rElec rN+ MP-9 Int+3}
   (You found it on level 3 of the Crypt)

   [ring of positive energy]

   Int+3:     It affects your intelligence (+3).
   rElec:     It insulates you from electricity.
   rN+:       It protects you from negative energy.
   MP-9:      It affects your magic capacity (-9).
 A - the ring "Iximun" {*Corrode rPois Str+3 SInv Stlth+}
   (You bought it in a shop on level 1 of the Snake Pit)

   [ring of poison resistance]

   Str+3:     It affects your strength (+3).
   rPois:     It protects you from poison SInv: It lets you see invisible.
   *Corrode:  It may corrode you when you take damage.
   Stlth+:    It makes you more stealthy.
 C - a +6 ring of strength (on tentacle)
 D - a +6 ring of dexterity (right tentacle)
 F - the ring of Symmetry (on tentacle) {rF+ rC+ rN+ SInv}
   (You found it on level 3 of the Crypt)

   [ring of positive energy]

   rF+:       It protects you from fire.
   rC+:       It protects you from cold.
   rN+:       It protects you from negative energy.
   SInv:      It lets you see invisible.
 G - a +6 ring of dexterity (on tentacle)
 J - a ring of protection from fire
 L - a +6 ring of intelligence (on tentacle)
 Q - an amulet of reflection (around mantle)
 S - an amulet of regeneration
 T - a ring of willpower
 X - the ring "Gamipp" (on tentacle) {Dex+6 Slay+5}
   (You found it on level 3 of the Swamp)

   [ring of dexterity]

   Dex+6:     It affects your dexterity (+6).
   Slay+5:    It affects your accuracy & damage with ranged weapons and melee
   (+5).
 Y - the ring "Jeanac" {rPois Will+ rCorr MP+9 Int+6 Dex-5}
   (You found it on level 5 of the Realm of Zot)

   [ring of intelligence]

   Int+6:     It affects your intelligence (+6).
   Dex-5:     It affects your dexterity (-5).
   rPois:     It protects you from poison Will+: It increases your willpower.
   MP+9:      It affects your magic capacity (+9).
   rCorr:     It protects you from acid and corrosion.
Wands
 o - a wand of roots (61)
 H - a wand of paralysis (60)
 N - a wand of mindburst (21)
 R - a wand of quicksilver (30)
 V - a wand of digging (12) {@v3}
Scrolls
 h - 3 scrolls of blinking {@r4}
 i - 3 scrolls of fear
 k - 7 scrolls of revelation
 q - 6 scrolls of teleportation {@r3}
 u - 3 scrolls of vulnerability
 K - a scroll of silence
 M - a scroll of butterflies
 O - 7 scrolls of fog
Potions
 b - 25 potions of curing {@q1}
 c - 12 potions of lignification
 f - 3 potions of magic
 g - 25 potions of mutation
 j - 5 potions of enlightenment
 p - 6 potions of cancellation
 r - 6 potions of resistance {@q5}
 w - 4 potions of heal wounds {@q2}
 y - a potion of invisibility
 E - 2 potions of ambrosia
 I - 4 potions of might {@q3}
Miscellaneous
 a - a sack of spiders
 l - a phantom mirror
 P - a lightning rod (4/4)
 W - a phial of floods


   Skills:
 - Level 19.5 Fighting
 - Level 18.3(19.5) Axes
 - Level 12.0(16.5) Polearms
 - Level 19.1 Dodging
 - Level 6.6 Stealth
 + Level 17.0 Shields
 - Level 3.7 Unarmed Combat
 - Level 18.1 Spellcasting
 - Level 3.0 Conjurations
 - Level 3.0 Hexes
 - Level 19.9 Summonings
 - Level 8.0 Translocations
 - Level 7.0 Ice Magic
 - Level 8.0 Air Magic
 + Level 13.3 Evocations
 - Level 11.0 Shapeshifting


You had 2 spell levels left.
You knew the following spells:

 Your Spells              Type           Power      Damage    Failure   Level
a - Blink                 Tloc           100%       N/A       1%          2
b - Silence               Hex/Air        31%        N/A       1%          5
c - Apportation           Tloc           100%       N/A       1%          1
d - Summon Mana Viper     Hex/Summ       84%        N/A       1%          5
e - Summon Cactus Giant   Summ           53%        N/A       1%          6
f - Summon Forest         Summ/Tloc      46%        N/A       1%          5
g - Vhi's Electric Charg  Tloc/Air       100%       N/A       1%          4
h - Summon Lightning Spi  Summ/Air       92%        N/A       1%          4
i - Manifold Assault      Tloc           73%        N/A       1%          4
j - Summon Hydra          Summ           53%        N/A       1%          7
k - Ozocubu's Armour      Ice            69%        N/A       1%          3
l - Dragon's Call         Summ           53%        N/A       17%         9
m - Lesser Beckoning      Tloc           100%       N/A       1%          2
n - Swiftness             Air            73%        N/A       1%          3

Your spell library contained the following spells:

 Spells                   Type           Power      Damage    Failure   Level
 Summon Small Mammal      Summ           100%       N/A       0%          1
 Freeze                   Ice            100%       1d10      1%          1
 Kiss of Death            Conj/Necr      100%       2d13      1%          1
 Necrotise                Necr           100%       1d9       1%          1
 Shock                    Conj/Air       100%       1d9       1%          1
 Sting                    Conj/Alch      100%       1d9       1%          1
 Cigotuvi's Dreadful Rot  Necr/Alch/Air  100%       N/A       1%          2
 Ensorcelled Hibernation  Hex/Ice        100%       N/A       1%          2
 Jinxbite                 Hex            100%       N/A       1%          2
 Mercury Vapours          Alch/Air       100%       N/A       1%          2
 Momentum Strike          Conj/Tloc      100%       3d10      1%          2
 Static Discharge         Conj/Air       100%       3-8/arc   1%          2
 Call Canine Familiar     Summ           100%       N/A       0%          3
 Summon Ice Beast         Ice/Summ       90%        N/A       0%          3
 Confusing Touch          Hex            51%        N/A       1%          3
 Dazzling Flash           Conj/Hex       100%       N/A       1%          3
 Frozen Ramparts          Ice            100%       1d16      1%          3
 Fugue of the Fallen      Necr           31%        N/A       1%          3
 Gell's Gravitas          Tloc           73%        N/A       1%          3
 Hailstorm                Conj/Ice       61%        3d11      1%          3
 Inner Flame              Hex/Fire       42%        N/A       1%          3
 Mephitic Cloud           Conj/Alch/Air  55%        N/A       1%          3
 Sigil of Binding         Hex            51%        N/A       1%          3
 Stone Arrow              Conj/Erth      84%        3d12      1%          3
 Teleport Other           Tloc           73%        N/A       1%          3
 Vampiric Draining        Necr           31%        2d8       1%          3
 Volatile Blastmotes      Fire/Tloc      100%       2d18      1%          3
 Airstrike                Air            36%        2d(6-22)  1%          4
 Cause Fear               Hex            25%        N/A       1%          4
 Dimensional Bullseye     Hex/Tloc       31%        N/A       1%          4
 Iskenderun's Mystic Bla  Conj/Tloc      63%        2d13      1%          4
 Martyr's Knell           Necr/Summ      79%        N/A       1%          4
 Summon Blazeheart Golem  Fire/Summ      79%        N/A       1%          4
 Arcjolt                  Conj/Air       31%        1d41      1%          5
 Freezing Cloud           Conj/Ice/Air   32%        6-21      1%          5
 Monstrous Menagerie      Summ           53%        N/A       1%          7
 Metabolic Englaciation   Hex/Ice        30%        N/A       2%          5
 Brom's Barrelling Bould  Conj/Erth      42%        2d6       3%          4
 Flame Wave               Conj/Fire      42%        2d11      3%          4
 Fulminant Prism          Conj/Alch      21%        3d12      3%          4
 Dispersal                Tloc           36%        N/A       3%          6
 Spellforged Servitor     Conj/Summ      42%        N/A       4%          7
 Iskenderun's Battlesphe  Conj           52%        2d10      5%          5
 Dispel Undead            Necr           31%        3d14      6%          4
 Ignite Poison            Fire/Alch      31%        N/A       6%          4
 Leda's Liquefaction      Alch/Erth      15%        N/A       6%          4
 Olgreb's Toxic Radiance  Alch           31%        N/A       6%          4
 Petrify                  Alch/Erth      31%        N/A       6%          4
 Sticky Flame             Fire/Alch      31%        2d7       6%          4
 Fireball                 Conj/Fire      21%        3d10      10%         5
 Irradiate                Conj/Alch      21%        3d18      10%         5
 Conjure Ball Lightning   Conj/Air       31%        3x3d10    11%         6
 Alistair's Intoxication  Alch           20%        N/A       17%         5
 Borgnjor's Vile Clutch   Necr/Erth      15%        N/A       17%         5
 Curse of Agony           Necr           31%        N/A       17%         5
 Lee's Rapid Deconstruct  Erth           15%        3d10*     17%         5
 Plasma Beam              Fire/Air       28%        2x1d40    19%         6
 Sculpt Simulacrum        Ice/Alch       27%        N/A       22%         6
 Ozocubu's Refrigeration  Ice            34%        4d15      28%         7
 Bombard                  Conj/Erth      21%        9d4       45%         6
 Starburst                Conj/Fire      21%        6d7       45%         6
 Eringya's Noxious Bog    Alch           15%        4d6       65%         6
 Orb of Destruction       Conj           26%        9d9       80%         7
 Maxwell's Capacitive Co  Air            36%        ∞         80%         8
 Lehudib's Crystal Spear  Conj/Erth      21%        10d6      100%        8
 Death's Door             Necr           15%        N/A       100%        9
 Polar Vortex             Ice            34%        12d4*     100%        9
 Animate Armour           Summ/Erth      Unusable   N/A       N/A         4

Dungeon Overview and Level Annotations

Branches:
Dungeon (15/15)            Temple (1/1) D:7            Lair (5/5) D:11
  Swamp (4/4) Lair:2        Snake (4/4) Lair:3        Slime (5/5) Lair:4
    Orc (2/2) D:10            Elf (3/3) Orc:2        Vaults (5/5) D:13
  Crypt (3/3) Vaults:2       Tomb (0/3) Crypt:3      Depths (4/4) D:15
    Zot (5/5) Depths:4     Bailey (visited)           IceCv (visited)
 WizLab (visited)

Altars:
Ashenzari
Cheibriados
Dithmenos
Elyvilon
Fedhas
Gozag
Hepliaklqana
Kikubaaqudgha
Makhleb
Nemelex Xobeh
Okawaru
Qazlal
Ru
Sif Muna
Trog
Uskayaw
Vehumet
Wu Jian
Xom
Yredelemnul
Zin
The Shining One
Jiyva
Lugonu

Shops:
D:3 (   D:5 *   D:8 =   D:14 [   D:15 ?   Orc:2 *!:*([   Elf:1 *   Snake:1 !((=
Vaults:1 !   Vaults:4 (   Vaults:5 (

Portals:
Hell: Depths:1 Depths:2 Depths:3 Depths:4
Abyss: Depths:2 Depths:3
Pandemonium: Orc:2 Depths:1 Depths:2 Depths:3
Ziggurat: Depths:2

Annotations:
Zot:1 3 runed translucent doors, Elerchy's ghost, legendary HORe; Skimidon's ghost, legendary VSBr


Innate Abilities, Weirdness & Mutations

You are a creature with a mouth for a stomach.
Your midsection houses a second, enormous mouth.
You cannot wear most types of armour.
You are amphibious.
You can wear up to eight rings at the same time.
Your skin changes colour to match your surroundings (Stealth+).
Your rubbery body absorbs attacks. (AC +1, EV +1)
((You are camouflaged when in or above water. (Stealth+)))
You have tentacles for arms and can constrict up to eight enemies at once.
You are partially covered in iridescent scales. (AC +2)
You expend magic power (3 MP) to strengthen your wands.


Message History

The cherub shoots a sling bullet.
You block the sling bullet with an invisible shield... and reflect it back!
The sling bullet completely misses the cherub.
Your storm dragon breathes lightning at the cherub.
The bolt of lightning hits the cherub!
The cherub resists.
The bolt of lightning hits the cherub.
The cherub completely resists.
The bolt of lightning hits your storm dragon.
Your storm dragon completely resists.
Your iron dragon bites the cherub.
Your iron dragon closely misses the cherub.
Your iron dragon tramples the cherub!
The cherub is shoved backwards!
Something barely misses your storm dragon.
Something gores your storm dragon but does no damage.
An Orb Guardian comes into view.
Your storm dragon bites the Orb Guardian.
Your storm dragon claws the Orb Guardian but does no damage.
Your storm dragon tramples the Orb Guardian but does no damage.
The sling bullet hits your storm dragon.
Your iron dragon bites the Orb Guardian!
Your iron dragon claws the Orb Guardian!
Your iron dragon tramples the Orb Guardian!
The Orb Guardian holds its ground!
A Hakocset and a large abomination come into view.
Blink to where?
Press: ? - help, Dir - move target
As you read the scroll of blinking {@r4}, it crumbles to dust.
Hakocset moves out of view.
The large abomination moves out of view.
You feel yourself speed up.
Aiming: Dig
Press: ? - help, Shift-Dir - straight line You can't see that place. [a rock wall.]
You feel a surge of power!
The rock shatters into small pieces.
Okay, then.
Blink to where?
Press: ? - help, Dir - move target
As you read the scroll of blinking {@r4}, it crumbles to dust.
There is a staircase leading out of the dungeon here.
You have escaped!

#.##............##
#.#..#...........###########
#>...............'........).
###..#.....|.....##########.
#######..#.#.......#############
#...........++++++..............
#.#......#..+....+).############
#.#......#..+....+..# #..
#.......##..+..W.'..# #..
###.....##..+....+..# #######..
#......###.++++++#..###.....&.X
#......#...........#.§......X..
#......'.......###..#..........
###.#+####.....#####..#.....###..
........^............~#.....###..
........#...........~~#..[....###
........#...........~8#.......#


There were no monsters in sight!

Vanquished Creatures
  the Royal Jelly (Slime:5)
  2 dread liches
  2 ancient liches (Vaults:5)
  3 juggernauts
  Mennas (Vaults:3)
  Vv (Depths:3)
  Sojobo (Depths:3)
  2 Killer Klowns (Zot:5)
  Bai Suzhen (Swamp:4)
  Vashnia (Snake:4)
  A caustic shrike (Depths:1)
  A curse toe (Crypt:3)
  3 golden dragons
  A bone dragon (Vaults:2)
  A mutant beast (WizLab)
  A profane servitor (Crypt:3)
  A hellephant (Depths:1)
  A Brimstone Fiend (D:7)
  An electric golem (Zot:2)
  7 liches
  5 quicksilver dragons
  A deep elf master archer (Elf:3)
  Asterion (Snake:2)
  3 tentacled monstrosities
  18 Orb Guardians
  7 titans
  2 deep elf blademasters (Elf:3)
  6 sphinxes
  4 acid blobs
  7 death cobs
  Gastronok (Lair:2)
  11 ancient champions
  7 tengu reavers
  4 tentacled starspawn (Abyss:3)
  A thorn hunter (Swamp:4)
  Donald (Snake:2)
  3 shadow dragons
  Kirke (Snake:1)
  8 rockslimes
  13 storm dragons
  10 azure jellies
  4 revenants
  11 frost giants
  2 fenstrider witches
  4 nagarajas
  2 draconian monks
  10 deep elf sorcerers
  13 fire giants
  2 draconian scorchers
  14 vault wardens
  4 draconian shifters
  2 ghost moths
  2 spriggan defenders (Depths:2)
  7 deep elf elementalists (Elf:3)
  5 draconian stormcallers
  A reaper (Crypt:2)
  5 nameless horrors
  13 ghouls
  2 draconian annihilators
  19 stone giants
  A cacodemon (Abyss:3)
  A juggernaut skeleton (Crypt:1)
  16 ironbound preservers
  2 formless jellyfish (Slime:1)
  3 orc warlords
  10 quicksilver oozes
  5 ironbound thunderhulks
  8 vampire knights
  18 very ugly things
  11 deep elf demonologists
  3 eleionomae
  2 green draconians
  8 deep elf death magi
  6 purple draconians
  16 dire elephants
  5 war gargoyles
  15 deep elf annihilators
  3 black draconians
  4 bunyips
  3 red draconians
  4 white draconians
  4 spark wasps
  2 yellow draconians
  5 eidola
  13 ettins
  The ghost of Skimidon the Fighter, a journeyman DsSh of Qazlal (D:12)
  3 blizzard demons
  2 crystal guardians (Vaults:1)
  11 jiangshi
  8 fire dragons
  A green death (Swamp:4)
  Josephine (Orc:2)
  2 spriggan zombies (Crypt:3)
  A mummy priest (Crypt:3)
  20 great orbs of eyes
  4 rakshasas
  12 ice dragons
  28 vault guards
  16 yaktaur captains
  15 hydras
  Harold (D:11)
  6 deep elf high priests
  2 ogre magi (Vaults:5)
  3 peacekeepers
  A salamander tyrant (Snake:4)
  9 ghost crabs
  3 demonspawn (Orc:2)
  A hell beast (Swamp:4)
  A sphinx zombie (Vaults:1)
  9 alligators
  6 radroaches (WizLab)
  6 catoblepae
  4 spriggan air magi
  5 ironbound frosthearts
  2 spriggan skeletons (Abyss:3)
  3 death knights
  17 anacondas
  12 centaur warriors
  4 boulder beetles
  5 two-headed ogres
  2 two-headed ogres (shapeshifter)
  8 tengu warriors
  5 hell hogs
  6 death yaks (Lair:5)
  21 dancing weapons
  4 deep troll shamans
  3 deep troll earth magi
  21 naga sharpshooters
  5 vampire magi
  7 thrashing horrors
  9 naga warriors
  2 sun demons
  2 occultists (Depths:1)
  2 shock serpents (shapeshifter) (WizLab)
  9 spriggan berserkers
  8 orc high priests
  5 shock serpents
  27 skeletal warriors
  4 soul eaters
  11 hell knights
  2 iron trolls (Depths:2)
  3 wretched stars (Abyss:3)
  22 deep elf knights
  2 shadow wraiths
  4 salamander mystics
  2 skysharks
  A storm dragon skeleton (Crypt:3)
  A spark wasp zombie (Depths:3)
  3 sixfirhies
  5 goliath frogs
  7 spriggan druids
  2 sea snakes (shapeshifter)
  5 glowing orange brains
  6 naga ritualists
  45 deep trolls
  7 arcanists
  2 mana vipers (shapeshifter) (WizLab)
  4 flayed ghosts
  12 bog bodies
  2 swamp dragons (shapeshifter) (WizLab)
  A lindwurm (shapeshifter) (WizLab)
  11 mana vipers
  11 deep elf archers
  9 swamp dragons
  An iron giant skeleton (Crypt:2)
  A steelbarb worm (shapeshifter) (WizLab)
  A harpy (D:12)
  33 deep elf zephyrmancers
  14 phantasmal warriors
  11 large abominations
  18 ironbound convokers
  4 lindwurms
  9 necromancers
  25 deep elf pyromancers
  16 orc knights
  A fire giant zombie (Vaults:1)
  4 orc sorcerers (Orc:2)
  39 ugly things
  A glowing shapeshifter (WizLab)
  5 will-o-the-wisps
  5 cyclopes
  A shining eye (shapeshifter) (WizLab)
  5 manticores
  A meliai (shapeshifter) (Elf:2)
  2 elephants (shapeshifter)
  13 salamanders
  2 kobold blastminers (Orc:1)
  A water nymph (shapeshifter) (WizLab)
  10 moths of wrath
  2 meliai (Abyss:3)
  4 apocalypse crabs (Swamp:2)
  2 dire elephant zombies
  A frost giant skeleton (Depths:3)
  19 vault sentinels
  7 elephants
  7 guardian serpents
  2 ice statues (IceCv)
  11 naga magi
  34 black mambas
  15 cane toads
  3 orange demons
  An eye of devastation (shapeshifter) (WizLab)
  A dire elephant skeleton (Crypt:2)
  Maggie (D:8)
  2 torpor snails (shapeshifter) (WizLab)
  4 smoke demons
  7 komodo dragons
  3 rime drakes (Lair:1)
  A hellion (D:5)
  A purple draconian zombie (Crypt:1)
  42 yaktaurs
  A naga skeleton (Crypt:3)
  14 freezing wraiths
  A yellow draconian zombie (Crypt:2)
  2 kobold demonologists
  2 guardian mummies (Crypt:3)
  A queen bee (Abyss:3)
  10 ice devils
  2 efreet (Abyss:3)
  4 ancient zymes (Abyss:3)
  A black draconian skeleton (Crypt:2)
  A tormentor (Abyss:3)
  5 tengu conjurers
  A human skeleton (Vaults:1)
  A harpy zombie (Crypt:2)
  7 trolls
  A sea snake skeleton (Crypt:2)
  10 tyrant leeches
  A polar bear (Lair:3)
  2 hellwings
  A merfolk (shapeshifter) (WizLab)
  4 raiju (Abyss:3)
  A raiju (shapeshifter) (Elf:2)
  18 hornets
  A fire dragon zombie (Crypt:2)
  11 dream sheep (Lair:5)
  24 blink frogs
  A glass eye (shapeshifter) (WizLab)
  A hydra skeleton (Crypt:1)
  A culicivora (shapeshifter) (WizLab)
  3 ettin zombies
  5 glass eyes
  An ettin skeleton (Crypt:1)
  6 shadows
  3 centaur simulacra (Crypt:3)
  17 spriggans
  A culicivora (D:14)
  A wind drake zombie (Crypt:1)
  13 wraiths
  A ynoxinul (Abyss:3)
  A dire elephant simulacrum (IceCv)
  6 wyverns
  88 slime creatures
  An iron golem (WizLab)
  Eustachio (D:6)
  2 golden eyes (Slime:5)
  2 water elementals
  49 yaks
  9 basilisks
  4 fire elementals
  A human (shapeshifter) (D:15)
  A death yak simulacrum (IceCv)
  6 redbacks
  13 vampire mosquitoes
  Grum (Bailey)
  2 wargs
  A steam dragon (D:10)
  A chaos spawn (Abyss:3)
  A deep troll zombie (Crypt:3)
  33 nagas
  4 harpy simulacra
  4 acid dragons
  13 swamp worms
  A glowing shapeshifter skeleton (Crypt:3)
  A two-headed ogre zombie (Crypt:1)
  3 hell hounds (Zot:4)
  A hydra simulacrum (IceCv)
  15 water moccasins
  41 orc warriors
  2 swamp drakes
  A merfolk skeleton (Crypt:3)
  An ettin simulacrum (Crypt:3)
  A black bear (Lair:1)
  10 laughing skulls
  7 ogres
  2 boggarts
  11 wolves
  13 centaurs
  2 phantoms (D:5)
  A weeping skull (Abyss:3)
  2 kobold brigands
  A scorpion (D:6)
  7 gnoll sergeants (Bailey)
  A two-headed ogre simulacrum (IceCv)
  16 bullfrogs
  3 earth elementals
  A cane toad simulacrum (IceCv)
  10 small abominations
  5 necrophages
  An elephant simulacrum (IceCv)
  5 killer bees (D:10)
  A shapeshifter skeleton (Crypt:3)
  5 howler monkeys
  11 electric eels
  4 crimson imps (D:6)
  10 gnoll boudas
  Crazy Yiuf (D:6)
  6 hounds
  A bombardier beetle (D:6)
  A jelly (D:5)
  2 centaur skeletons (Crypt:1)
  3 sleepcaps
  22 orc priests
  A basilisk skeleton (Crypt:3)
  4 hell rats (Lair:3)
  A scorpion zombie (Crypt:2)
  Natasha (thrice) (D:3)
  Terence (D:2)
  3 iguanas
  24 orc wizards
  3 spriggan simulacra
  2 troll simulacra (IceCv)
  A polar bear simulacrum (IceCv)
  A brain worm zombie (Crypt:3)
  29 gnolls
  7 adders
  A naga simulacrum (IceCv)
  A river rat (D:12)
  A steam dragon zombie (Crypt:3)
  A swamp drake skeleton (Crypt:1)
  6 white imps
  7 ufetubi
  A dart slug (D:2)
  3 ribbon worms
  80 orcs
  4 bats
  5 endoplasms
  A giant cockroach (D:1)
  A gnoll zombie (Crypt:2)
  8 goblins
  8 hobgoblins
  3 quokkas
  8 ball pythons
  A ball python skeleton (Crypt:3)
  A giant cockroach zombie (Crypt:1)
  A goblin skeleton (Crypt:3)
  17 kobolds
  A rat (D:2)
  A lurking horror (Abyss:3)
  A spectral weapon (Vaults:5)
  6 starspawn tentacles (Abyss:3)
2290 creatures vanquished.

Vanquished Creatures (collateral kills)
  Tiamat (Zot:1)
  2 dread liches
  An orb of fire (Zot:5)
  2 ancient liches
  A juggernaut (Depths:1)
  2 Killer Klowns (Zot:5)
  The ghost of Ugguttuj the Peltast, a veteran DrWn of Okawaru (Vaults:4)
  A caustic shrike (Depths:1)
  2 golden dragons
  3 tentacled monstrosities
  An electric golem (Zot:5)
  A lich (Depths:1)
  8 Orb Guardians (Zot:5)
  A titan (Zot:3)
  A death cob (Zot:3)
  2 acid blobs (Slime:5)
  2 ancient champions (Crypt:3)
  2 shadow dragons
  2 tengu reavers
  5 storm dragons
  3 rockslimes
  2 draconian scorchers
  A ghost moth (Zot:5)
  A very ugly thing (WizLab)
  A draconian shifter (Zot:5)
  A draconian stormcaller (Zot:3)
  An ironbound thunderhulk (Vaults:4)
  5 green draconians
  A caustic shrike skeleton (Crypt:1)
  A quicksilver ooze (Slime:2)
  A vampire knight (Crypt:3)
  2 black draconians
  3 white draconians
  A deep elf annihilator (Elf:3)
  6 red draconians
  3 yellow draconians
  A purple draconian (Zot:2)
  A bunyip (Swamp:4)
  A green death (Swamp:4)
  An ettin (Depths:1)
  A mummy priest (Crypt:3)
  A great orb of eyes (Slime:5)
  An alligator (Swamp:2)
  An ironbound frostheart (Vaults:2)
  2 death knights
  6 dancing weapons (Elf:2)
  A deep troll earth mage (Depths:2)
  A nameless horror (Zot:2)
  A naga sharpshooter (Snake:1)
  A naga warrior (Snake:1)
  A hell hog (Depths:1)
  A thrashing horror (Abyss:3)
  A hell knight (Depths:4)
  A storm dragon skeleton (Depths:3)
  A titan skeleton (Depths:3)
  2 iron trolls (Depths:1)
  A sun demon (D:7)
  2 spriggans
  A skyshark (shapeshifter) (WizLab)
  7 deep trolls
  5 large abominations
  2 mana vipers (Snake:2)
  A bog body (Swamp:4)
  A naga ritualist (Snake:2)
  A phantasmal warrior (Crypt:3)
  A deep elf zephyrmancer (Elf:2)
  2 necromancers
  A shining eye (Slime:5)
  3 ugly things
  2 salamanders (Depths:3)
  A black mamba (shapeshifter) (WizLab)
  2 moths of wrath
  A vault sentinel (Vaults:5)
  A guardian serpent (Snake:4)
  3 black mambas
  An ice devil (D:2)
  A yaktaur (Vaults:2)
  A guardian mummy (Crypt:3)
  A death drake zombie (Crypt:1)
  3 hornets
  2 glass eyes
  16 slime creatures
  2 ushabtiu (Crypt:3)
  A swamp worm (shapeshifter) (WizLab)
  2 weeping skulls (Abyss:3)
  A quokka zombie (Crypt:3)
170 creatures vanquished.

Vanquished Creatures (others)
  An occultist (Depths:2)
  A water elemental (Elf:2)
  3 humans (Snake:1)
  A naga (Snake:3)
  A kobold brigand (D:12)
  A jelly (Abyss:3)
  An ufetubus (IceCv)
  2 orcs (Vaults:5)
  14 foxfires
  22 snaplasher vines
  5 starspawn tentacles (Abyss:3)
52 creatures vanquished.

Grand Total: 2512 creatures vanquished

Notes
Turn   | Place    | Note
-------+----------+-------------------------------------------
     0 | D:1      | iamserjio the Octopode Reaver began the quest for the Orb.
     0 | D:1      | Reached XP level 1. HP: 14/14 MP: 3/3
    86 | D:1      | Reached XP level 2. HP: 19/19 MP: 5/5
   564 | D:2      | Noticed Terence
   732 | D:2      | Identified the +9 spear of Peril {flame, rPois Dex+4 SInv
                  | Stlth-}
   763 | D:2      | Reached XP level 3. HP: 25/25 MP: 6/6
   783 | D:2      | Learned a level 2 spell: Momentum Strike
  1419 | D:3      | Reached skill level 1 in Polearms
  1433 | D:3      | Noticed Natasha
  1446 | D:3      | Killed Natasha
  1447 | D:3      | Reached XP level 4. HP: 22/30 MP: 7/7
  1518 | D:3      | Found a stormy altar of Qazlal.
  1521 | D:3      | Found an opulent altar of Gozag.
  1524 | D:3      | Found a hazy altar of Hepliaklqana.
  1528 | D:3      | Became a worshipper of Gozag Ym Sagoz the Greedy
  1566 | D:3      | Noticed Natasha
  1571 | D:3      | Killed Natasha
  1668 | D:3      | Noticed Natasha
  1680 | D:3      | Killed Natasha
  1681 | D:3      | Reached XP level 5. HP: 27/36 MP: 8/8
  1946 | D:3      | Found Taedyur's Antique Weapon Shoppe.
  2409 | D:4      | Reached XP level 6. HP: 41/43 MP: 9/9
  2838 | D:4      | Found a sacrificial altar of Ru.
  2882 | D:5      | Entered Level 5 of the Dungeon
  2974 | D:5      | Reached skill level 1 in Evocations
  3034 | D:5      | Found Liaduts's Assorted Antiques.
  3042 | D:5      | Bought a scroll labelled ABESIU DAARCHIE for 27 gold pieces
  3042 | D:5      | Bought a scroll labelled ABESIU DAARCHIE for 27 gold pieces
  3042 | D:5      | Bought an amethyst potion for 24 gold pieces
  3042 | D:5      | Bought a scroll labelled NONUTI TADGH for 27 gold pieces
  3070 | D:5      | You fall into a shaft and drop 2 floors!
  3079 | D:7      | Found a sparkling altar of Nemelex Xobeh.
  3155 | D:6      | Found a broken altar of Ashenzari.
  3170 | D:6      | Reached XP level 7. HP: 49/49 MP: 10/10
  3225 | D:6      | Reached skill level 5 in Polearms
  3230 | D:6      | Identified the +0 short sword of the Swamp {freeze, Will-
                  | Int+2 Stlth+}
  3629 | D:5      | Reached skill level 5 in Fighting
  3629 | D:5      | Reached XP level 8. HP: 55/55 MP: 11/11
  4199 | D:6      | Found a runed translucent door.
  4200 | D:6      | Noticed Crazy Yiuf
  4238 | D:6      | Found a shimmering altar of Xom.
  4432 | D:6      | Identified the +2 scale mail of Vump {Harm Str+4}
  4556 | D:6      | Noticed Eustachio
  4611 | D:6      | Found a burning altar of Makhleb.
  4855 | D:6      | Killed Crazy Yiuf
  4940 | D:7      | Reached skill level 1 in Shields
  4982 | D:7      | Found a staircase to the Ecumenical Temple.
  5118 | D:7      | Reached XP level 9. HP: 62/62 MP: 12/12
  5290 | Temple   | Entered the Ecumenical Temple
  5791 | D:7      | Found a basalt altar of Yredelemnul.
  5960 | D:7      | Found a bloodstained altar of Trog.
  5966 | D:7      | Found a shimmering blue altar of Sif Muna.
  6336 | D:7      | Learned a level 1 spell: Apportation
  6340 | D:7      | Learned a level 3 spell: Call Canine Familiar
  6343 | D:7      | Learned a level 2 spell: Jinxbite
  6483 | D:2      | Killed Terence
  6676 | D:8      | Reached skill level 1 in Hexes
  6996 | D:8      | Found Paetharr's Jewellery Shoppe.
  7004 | D:8      | Bought a +4 ring of protection for 432 gold pieces
  7004 | D:8      | Bought an amulet of reflection for 360 gold pieces
  7102 | D:8      | Noticed Maggie
  7110 | D:8      | Killed Maggie
  7757 | D:9      | Reached XP level 10. HP: 71/71 MP: 13/13
  8310 | D:10     | Entered Level 10 of the Dungeon
  8310 | D:10     | Noticed a kobold demonologist
  8312 | D:10     | Noticed an orange demon
  8372 | D:10     | Noticed a two-headed ogre
  8379 | D:10     | Killed a two-headed ogre
  8380 | D:10     | Reached skill level 10 in Polearms
  8436 | D:10     | Found a shadowy altar of Dithmenos.
  8479 | D:10     | Found a flagged portal.
  8486 | D:10     | Identified the +3 halberd of Recklessness {freeze, rF+ rC+
                  | Str-4 Stlth+}
  8497 | Bailey   | Entered a bailey
  8844 | Bailey   | Reached skill level 5 in Shields
  9186 | Bailey   | Noticed Grum
  9194 | Bailey   | Killed Grum
  9489 | D:10     | Noticed a four-headed hydra
  9489 | D:10     | Noticed a fire dragon
  9546 | D:10     | Killed a kobold demonologist
  9547 | D:10     | Reached XP level 11. HP: 77/77 MP: 14/14
 10140 | D:10     | Found a staircase to the Orcish Mines.
 10456 | D:10     | Noticed a centaur warrior
 10474 | D:10     | Killed a centaur warrior
 10954 | D:11     | Noticed a cyclops
 10960 | D:11     | Noticed a boulder beetle
 10966 | D:11     | Killed a cyclops
 10995 | D:11     | Killed a boulder beetle
 11010 | D:11     | Noticed a manticore
 11025 | D:11     | Killed a manticore
 11212 | D:11     | Found a staircase to the Lair.
 11244 | D:11     | Reached skill level 1 in Shapeshifting
 11285 | D:11     | Noticed Harold
 11329 | D:11     | Killed Harold
 11632 | D:8      | Bought a +4 ring of protection for 432 gold pieces
 11632 | D:8      | Bought a +4 ring of slaying for 936 gold pieces
 11711 | D:6      | Killed Eustachio
 11722 | D:6      | Found a glowing golden altar of the Shining One.
 11722 | D:6      | Found a white marble altar of Elyvilon.
 11722 | D:6      | Found a glowing silver altar of Zin.
 11995 | D:12     | Reached XP level 12. HP: 87/87 MP: 15/15
 12012 | D:12     | Noticed a two-headed ogre
 12020 | D:12     | Killed a two-headed ogre
 12287 | D:12     | Reached skill level 5 in Dodging
 12509 | D:12     | Found a transporter.
 12513 | D:12     | Noticed a six-headed hydra
 12513 | D:12     | Noticed Skimidon's ghost (journeyman DsSh)
 12541 | D:12     | Noticed a boulder beetle
 12565 | D:12     | Killed a boulder beetle
 13035 | D:12     | Reached skill level 10 in Fighting
 13294 | D:12     | Reached skill level 5 in Shapeshifting
 13631 | Lair:1   | Entered Level 1 of the Lair of Beasts
 13786 | Lair:1   | Found a burning altar of Makhleb.
 13930 | Lair:1   | Noticed a catoblepas
 13939 | Lair:1   | Killed a catoblepas
 13940 | Lair:1   | Noticed a skyshark
 13949 | Lair:1   | Killed a skyshark
 14099 | Lair:1   | You fall into a shaft and drop 1 floor!
 14239 | Lair:2   | Found a staircase to the Swamp.
 14325 | Lair:2   | Reached XP level 13. HP: 79/95 MP: 16/16
 14404 | Lair:2   | Noticed Gastronok
 14692 | Lair:1   | Noticed a dire elephant
 14712 | Lair:1   | Found a runed translucent door.
 15658 | Lair:3   | Found a staircase to the Snake Pit.
 16009 | Lair:4   | Found a frozen archway.
 16027 | IceCv    | Entered an ice cave
 16416 | IceCv    | Reached skill level 10 in Shields
 16486 | IceCv    | Noticed a reaper
 16677 | Lair:4   | Reached skill level 1 in Translocations
 16932 | Lair:4   | Found a staircase to the Slime Pits.
 17473 | Lair:5   | Entered Level 5 of the Lair of Beasts
 17670 | Lair:5   | Reached XP level 14. HP: 104/104 MP: 17/17
 18159 | Lair:5   | Reached skill level 5 in Translocations
 18773 | Lair:5   | Reached skill level 10 in Dodging
 19197 | Lair:2   | Killed Gastronok
 19709 | Lair:2   | Reached skill level 5 in Evocations
 19983 | Lair:1   | Killed a dire elephant
 20150 | Lair:1   | Identified the +2 battleaxe of the Endless Ghosts {spect,
                  | rElec Dex+5}
 20278 | D:10     | Reached XP level 15. HP: 106/114 MP: 18/18
 20855 | D:12     | Found a transporter.
 21638 | D:13     | Reached skill level 15 in Fighting
 21946 | D:13     | Found a gate to the Vaults.
 22390 | D:15     | Entered Level 15 of the Dungeon
 22832 | D:15     | Found Heqymm's Magic Scroll Emporium.
 23307 | D:15     | Found a staircase to the Depths.
 23347 | D:15     | Identified the +3 chain mail of Fae Life {rElec rC+ Str+2}
 23917 | D:14     | Found Foviot's Antique Armour Emporium.
 24271 | D:14     | Identified the +0 robe of Oblivion {rElec rF- Int+7}
 24617 | Orc:1    | Entered Level 1 of the Orcish Mines
 24947 | Orc:2    | Entered Level 2 of the Orcish Mines
 24947 | Orc:2    | Found a staircase to the Elven Halls.
 24986 | Orc:2    | Found Ublaogow's Overcharged Wands.
 25216 | Orc:2    | Noticed Josephine
 25236 | Orc:2    | Killed Josephine
 25347 | Orc:2    | Bought a wand of digging (11) for 693 gold pieces
 25402 | Orc:2    | Reached XP level 16. HP: 126/126 MP: 19/19
 25458 | Orc:2    | Found Toynivis's Distillery.
 25464 | Orc:2    | Found Giory's General Store.
 25545 | Orc:2    | Bought a potion of heal wounds for 60 gold pieces
 25545 | Orc:2    | Bought a potion of berserk rage for 60 gold pieces
 25545 | Orc:2    | Bought 2 potions of curing for 72 gold pieces
 25545 | Orc:2    | Bought a potion of enlightenment for 60 gold pieces
 25545 | Orc:2    | Bought a potion of cancellation for 96 gold pieces
 25545 | Orc:2    | Bought a potion of enlightenment for 60 gold pieces
 25545 | Orc:2    | Bought a potion of enlightenment for 60 gold pieces
 25547 | Orc:2    | Bought a scroll of amnesia for 48 gold pieces
 26671 | Orc:2    | Found Zuwker's Antique Weapon Shop.
 26671 | Orc:2    | Found Ihaelek's Book Boutique.
 26671 | Orc:2    | Found a one-way gate leading to the halls of Pandemonium.
 26775 | Orc:1    | Reached skill level 1 in Summonings
 27038 | Orc:2    | Found Julaage's Armour Shop.
 27178 | Orc:2    | Bought a Fen Folio for 588 gold pieces
 27184 | Orc:2    | Learned a level 5 spell: Summon Forest
 27238 | Elf:1    | Entered Level 1 of the Elven Halls
 27656 | Elf:1    | Got the Incunable of Bombardment
 28298 | Elf:1    | Found Caaromp's Assorted Antiques.
 28304 | Elf:1    | Bought a golden potion for 22 gold pieces
 28304 | Elf:1    | Bought a slimy sling for 162 gold pieces
 28304 | Elf:1    | Identified the +3 sling of Rizumaf {drain, rCorr} (You
                  | bought it in a shop on level 1 of the Elven Halls)
 28701 | Elf:1    | Found Caaromp's Assorted Antiques.
 29528 | Elf:2    | Reached skill level 5 in Summonings
 29593 | Elf:2    | Found a runed translucent gate.
 29593 | Elf:2    | Found a runed translucent gate.
 29763 | Elf:2    | Found a runed translucent gate.
 30229 | Elf:2    | Reached XP level 17. HP: 113/134 MP: 22/24
 30691 | Elf:2    | Reached skill level 5 in Spellcasting
 31227 | Elf:3    | Entered Level 3 of the Elven Halls
 31424 | Elf:3    | Reached skill level 1 in Axes
 32348 | D:8      | Bought a +6 ring of strength for 432 gold pieces
 32348 | D:8      | Bought a +6 ring of dexterity for 432 gold pieces
 32474 | Snake:1  | Entered Level 1 of the Snake Pit
 32765 | Snake:1  | Noticed Kirke
 32835 | Snake:1  | Killed Kirke
 32951 | Snake:1  | Found Faluas Pihud's Armour Shop.
 32951 | Snake:1  | Found Zuomew's Antique Weapon Boutique.
 32953 | Snake:1  | Found Ossoanom's Distillery.
 32957 | Snake:1  | Bought 2 potions of heal wounds for 180 gold pieces
 32957 | Snake:1  | Bought a potion of might for 72 gold pieces
 32957 | Snake:1  | Found Busch's Weapon Shop.
 32968 | Snake:1  | Learned a level 4 spell: Vhi's Electric Charge
 33108 | Snake:1  | Reached skill level 1 in Air Magic
 33407 | Snake:1  | Found Lueff's One-of-a-Kind Rings.
 34114 | Snake:1  | Reached skill level 10 in Summonings
 34304 | Snake:2  | Noticed Donald
 34366 | Snake:2  | Noticed Asterion
 34522 | Swamp:1  | Entered Level 1 of the Swamp
 35364 | Swamp:2  | Reached XP level 18. HP: 140/141 MP: 29/29
 36287 | Swamp:2  | Found a runed translucent door.
 38553 | Swamp:3  | Reached skill level 5 in Axes
 38793 | Swamp:3  | Identified the +1 arbalest of Terror {penet, rElec rF+ MP+9
                  | Int+2}
 38809 | Swamp:3  | Identified the ring "Gamipp" {Dex+6 Slay+5}
 39213 | Swamp:3  | Identified the +6 hand axe of Victory {flame, ^Contam Will+
                  | Str+3}
 39328 | Swamp:4  | Entered Level 4 of the Swamp
 39914 | Swamp:4  | Noticed Bai Suzhen
 39946 | Swamp:4  | Killed Bai Suzhen
 40624 | Swamp:4  | Reached XP level 19. HP: 146/148 MP: 31/31
 41498 | Swamp:4  | Got a decaying rune of Zot
 41876 | Snake:2  | Killed Asterion
 41997 | Snake:2  | Killed Donald
 42796 | Snake:3  | Found a snail-covered altar of Cheibriados.
 43483 | Snake:3  | Reached skill level 10 in Axes
 43843 | Snake:3  | Identified the +0 leather armour of Fanaticism {Rampage rC+
                  | Will+}
 44104 | Snake:4  | Entered Level 4 of the Snake Pit
 44872 | Snake:4  | Reached XP level 20. HP: 156/156 MP: 32/32
 44914 | Snake:4  | Noticed Vashnia
 44964 | Snake:4  | Killed Vashnia
 45733 | Snake:4  | Got a serpentine rune of Zot
 48170 | Elf:3    | Identified the +2 ring mail "Wuweal" {rN+}
 48240 | Elf:3    | Identified the +0 buckler of the Swamp {rF- Regen+ Int+2}
 48951 | Elf:3    | Got the Lectures on Felsic Ensorcelling
 48973 | Elf:3    | Identified the staff "Xubruv" {rElec Dex+4 Air Alchemy}
 49182 | Elf:3    | Got the Folio of the Oath and the Crypt
 49422 | Elf:2    | Reached skill level 15 in Axes
 49732 | Elf:2    | Learned a level 4 spell: Summon Lightning Spire
 49737 | Elf:2    | Learned a level 4 spell: Manifold Assault
 49982 | Vaults:1 | Entered Level 1 of the Vaults
 50007 | Vaults:1 | Reached XP level 21. HP: 157/162 MP: 33/33
 50223 | Vaults:1 | Found Fuevvuq's Distillery.
 50229 | Vaults:1 | Bought a potion of heal wounds for 80 gold pieces
 50229 | Vaults:1 | Bought 2 potions of resistance for 320 gold pieces
 50229 | Vaults:1 | Bought a potion of might for 64 gold pieces
 50229 | Vaults:1 | Bought a potion of heal wounds for 80 gold pieces
 51149 | Vaults:1 | Noticed a dread lich
 52024 | Vaults:1 | Reached skill level 10 in Shapeshifting
 52044 | Vaults:1 | Reached skill level 5 in Air Magic
 52304 | Vaults:1 | Identified the ring "Ecanoiq" {Wiz *Slow rCorr Dex+3
                  | Stlth+}
 52312 | Vaults:1 | Identified the ring of Notys {Wiz ^Drain Str+2 Int+3 Dex+2}
 52313 | Vaults:1 | Identified the +3 hand axe of Upheaval {flame, rPois rC+
                  | rN+}
 52373 | Vaults:1 | Paralysed by a dread lich for 2 turns
 52382 | Vaults:1 | Killed a dread lich
 53220 | Vaults:2 | Noticed a bone dragon
 53242 | Vaults:2 | Killed a bone dragon
 53275 | Vaults:2 | Found a staircase to the Crypt.
 54141 | Vaults:2 | Found a runed translucent door.
 54182 | Vaults:2 | Reached XP level 22. HP: 155/168 MP: 26/35
 54691 | D:13     | Learned a level 7 spell: Summon Hydra
 55321 | Vaults:3 | Noticed Mennas
 55620 | Vaults:3 | Killed Mennas
 55934 | Vaults:3 | Reached skill level 10 in Spellcasting
 55988 | Vaults:3 | Reached skill level 15 in Summonings
 57513 | Vaults:4 | Found Loumehocw's Antique Weapon Boutique.
 57521 | Vaults:4 | Bought a runed demon trident for 558 gold pieces
 57577 | Vaults:4 | Found a large runed translucent door.
 57577 | Vaults:4 | Found a large runed translucent door.
 57579 | Vaults:4 | Noticed Ugguttuj's ghost (veteran DrWn)
 58459 | Vaults:4 | Learned a level 3 spell: Ozocubu's Armour
 58568 | Crypt:1  | Entered Level 1 of the Crypt
 58598 | Crypt:1  | Reached skill level 1 in Ice Magic
 59000 | Crypt:1  | Identified the +10 sling of Valour {freeze, rF+++ rN++
                  | Str-5 Int+2}
 59021 | Crypt:1  | Reached XP level 23. HP: 170/170 MP: 36/38
 60225 | Crypt:2  | Reached skill level 5 in Ice Magic
 62057 | Crypt:3  | Entered Level 3 of the Crypt
 62065 | Crypt:3  | Found a staircase to the Tomb.
 64282 | Crypt:3  | Identified the staff of the Ferocious God {rN+ Int+3 Necro}
 64728 | Crypt:3  | Noticed a curse toe
 65383 | Orc:2    | Bought a book of the Dragon for 588 gold pieces
 65393 | Orc:2    | Learned a level 9 spell: Dragon's Call
 66003 | Crypt:3  | Killed a curse toe
 66093 | Crypt:3  | Found a basalt altar of Yredelemnul.
 66097 | Crypt:3  | Found an ancient bone altar of Kikubaaqudgha.
 66169 | Crypt:3  | Found the +3 salamander hide armour {Flames, rFlCloud rF++
                  | rC--}
 66175 | Crypt:3  | Identified the +9 whip "Ynuewebelo" {protect, Str+5 Int-2}
 66179 | Crypt:3  | Identified the amulet "Wozuimoj" {Harm rN+ Regen+}
 66179 | Crypt:3  | Identified the ring of Symmetry {rF+ rC+ rN+ SInv}
 66179 | Crypt:3  | Identified the ring of the Taurataur {rElec rN+ MP-9 Int+3}
 66424 | D:12     | Killed Skimidon's ghost
 66619 | Vaults:4 | Killed Ugguttuj's ghost
 66620 | Vaults:4 | Reached XP level 24. HP: 135/159 MP: 27/39
 66926 | Depths:1 | Entered Level 1 of the Depths
 66927 | Depths:1 | Found a glowing golden altar of the Shining One.
 67006 | Depths:1 | Found a magical portal.
 67013 | WizLab   | Entered Cigotuvi's Fleshworks
 67630 | WizLab   | Found the +4 Cigotuvi's embrace {Corpsefed rMiasma ^Drain
                  | rN+}
 67695 | WizLab   | Got Cigotuvi's Tractate on the Alembic and Diablerie
 68756 | Snake:1  | Bought the ring "Iximun" {*Corrode rPois Str+3 SInv Stlth+}
                  | for 520 gold pieces
 69441 | Depths:1 | Found a gateway to Hell.
 70377 | Depths:2 | Found an ancient bone altar of Kikubaaqudgha.
 70509 | Depths:2 | Noticed a caustic shrike
 70654 | Depths:2 | Noticed a juggernaut
 70663 | Depths:1 | Killed a caustic shrike
 70818 | Depths:2 | Noticed a juggernaut
 72192 | Depths:1 | Found a glowing golden altar of the Shining One.
 72526 | Depths:1 | Found a gateway to Hell.
 73301 | Depths:1 | Killed a juggernaut
 73393 | Depths:2 | Noticed a caustic shrike
 73524 | Depths:2 | Identified the ring of Elyvilon's Reproof {rC+ Int+2}
 73812 | Depths:1 | Killed a caustic shrike
 73922 | Depths:1 | Gained mutation: You are partially covered in iridescent
                  | scales. (AC +2) [potion of mutation]
 73922 | Depths:1 | Gained mutation: You expend magic power (3 MP) to
                  | strengthen your wands. [potion of mutation]
 74182 | Depths:2 | Found a one-way gate to the infinite horrors of the Abyss.
 74368 | Depths:2 | Reached XP level 25. HP: 186/186 MP: 40/40
 74543 | Depths:2 | Killed a juggernaut
 74708 | Depths:2 | Got the Atlas of the Charred Throng
 74857 | Depths:2 | Found a one-way gateway to a ziggurat.
 76138 | Depths:3 | Noticed Sojobo
 76146 | Depths:3 | Killed Sojobo
 76154 | Depths:3 | Reached skill level 15 in Dodging
 76247 | Depths:3 | Noticed Vv
 76896 | Depths:3 | Killed Vv
 77959 | Depths:3 | Identified the +6 hand axe of Spores {protect, Int+3}
 78267 | Depths:3 | Identified the +4 long sword "Orb Guardian's Bane" {speed,
                  | rElec Int+4 Stlth+}
 78524 | Depths:4 | Entered Level 4 of the Depths
 78682 | Depths:4 | Noticed a juggernaut
 78691 | Depths:4 | Killed a juggernaut
 79196 | Depths:4 | Noticed a juggernaut
 79209 | Depths:4 | Killed a juggernaut
 79600 | Depths:4 | Found a gate to the Realm of Zot.
 80329 | Snake:1  | Bought a potion of curing for 54 gold pieces
 80329 | Snake:1  | Bought a potion of curing for 54 gold pieces
 80329 | Snake:1  | Bought a potion of magic for 144 gold pieces
 80329 | Snake:1  | Bought a potion of ambrosia for 144 gold pieces
 80329 | Snake:1  | Bought 2 potions of curing for 108 gold pieces
 80492 | Elf:1    | Bought 2 potions of curing for 150 gold pieces
 80492 | Elf:1    | Bought a potion of curing for 75 gold pieces
 80817 | Vaults:5 | Entered Level 5 of the Vaults
 80828 | Vaults:4 | Reached skill level 15 in Spellcasting
 80900 | Vaults:4 | Learned a level 2 spell: Blink
 80906 | Vaults:4 | Learned a level 5 spell: Silence
 80978 | Vaults:5 | Identified the +4 halberd of the Equator {heavy, rElec}
 80985 | Vaults:5 | Reached XP level 26. HP: 145/193 MP: 42/42
 81254 | Vaults:5 | Got a silver rune of Zot
 81589 | Vaults:5 | Noticed an ancient lich
 81598 | Vaults:5 | Killed an ancient lich
 81602 | Vaults:5 | Noticed an ancient lich
 81611 | Vaults:5 | Killed an ancient lich
 81687 | Vaults:5 | Found Miheyrph's Weapon Shop.
 82884 | Vaults:5 | Identified the +8 trident "Johibba" {freeze, Str+2 Dex+3
                  | Stlth+}
 83077 | Vaults:5 | Identified the blade talisman of Beogh's Envy {rF+ rN++
                  | Str+3 Slay-6}
 83153 | Vaults:5 | Noticed a dread lich
 83156 | Vaults:5 | Learned a level 5 spell: Summon Mana Viper
 83166 | Vaults:5 | Killed a dread lich
 83253 | Vaults:4 | Learned a level 6 spell: Summon Cactus Giant
 83709 | Vaults:1 | Bought a potion of enlightenment for 80 gold pieces
 83709 | Vaults:1 | Bought 2 potions of curing for 96 gold pieces
 84195 | Vaults:5 | Found Miheyrph's Weapon Shop.
 84969 | Slime:1  | Entered Level 1 of the Pits of Slime
 84980 | Slime:1  | Reached skill level 1 in Stealth
 85382 | Slime:4  | Reached skill level 5 in Stealth
 85496 | Slime:5  | Entered Level 5 of the Pits of Slime
 85712 | Slime:5  | Found a viscous altar of Jiyva.
 85712 | Slime:5  | Noticed the Royal Jelly
 85764 | Slime:5  | Killed the Royal Jelly
 86078 | Slime:5  | Reached XP level 27. HP: 181/198 MP: 27/44
 86265 | Slime:5  | Identified the +2 ring mail of Izaxarog {+Inv Will+++ Dex-2
                  | SInv}
 86292 | Slime:5  | Identified the staff "Ovam" {^Contam rPois rCorr SInv Fire
                  | Alchemy}
 86295 | Slime:5  | Identified the ring "Femneack" {MP+9 Str+6 Int-5}
 86325 | Slime:5  | Got a slimy rune of Zot
 86628 | Depths:2 | Voluntarily entered the Abyss.
 86672 | Abyss:3  | Learned a level 2 spell: Lesser Beckoning
 87147 | Abyss:3  | Noticed a dread lich
 87158 | Abyss:3  | Killed a dread lich
 87321 | Abyss:3  | Got an abyssal rune of Zot
 87447 | Depths:2 | Escaped the Abyss
 87506 | Zot:1    | Entered Level 1 of the Realm of Zot
 87644 | Zot:1    | Found a runed translucent gate.
 87645 | Zot:1    | Found a runed translucent gate.
 87647 | Zot:1    | Found a runed translucent gate.
 87647 | Zot:1    | Noticed Skimidon's ghost (legendary VSBr)
 87647 | Zot:1    | Noticed Elerchy's ghost (legendary HORe)
 88242 | Zot:1    | Learned a level 3 spell: Swiftness
 89447 | Zot:2    | Found the +4 dragonskin cloak
 89447 | Zot:2    | Noticed Tiamat
 89642 | Zot:1    | Reached skill level 15 in Shields
 89946 | Zot:1    | Killed Tiamat
 89991 | Zot:1    | Reached skill level 10 in Evocations
 91017 | Zot:5    | Entered Level 5 of the Realm of Zot
 91027 | Zot:5    | Identified the +3 shortbow of the Throat {elec, Dex+3}
 91172 | Zot:5    | Identified the ring "Jeanac" {rPois Will+ rCorr MP+9 Int+6
                  | Dex-5}
 91466 | Zot:5    | Noticed an ancient lich
 91477 | Zot:5    | Killed an ancient lich
 92167 | Zot:5    | Noticed an orb of fire
 92173 | Zot:5    | Killed an orb of fire
 92178 | Zot:5    | Noticed a dread lich
 92186 | Zot:5    | Killed a dread lich
 92999 | Zot:5    | Got the Orb of Zot
 93005 | Zot:5    | Noticed a dread lich
 93008 | Zot:5    | Noticed an orb of fire
 93124 | Depths:4 | Noticed Duymeo the pandemonium lord
 93316 | D:8      | Noticed an ancient lich
 93337 | D:8      | Killed an ancient lich
 93368 | D:7      | Noticed Kijuhut the pandemonium lord
 93535 | D:1      | Noticed Hakocset the pandemonium lord
 93546 | D:$      | Escaped with the Orb!

Illustrated notes

Levels and vault maps discovered:
D:1:      lightli_arrival_maybe_door_vault, layout_basic,
          hangedman_decor_peaks_small, chequers_serial_rivers_room_a,
          moated_statue
D:2:      layout_basic, uniq_terence
D:3:      layout_loops_cross, grunt_temple_overflow_diamond, serial_shops, shop,
          uniq_natasha
D:4:      layout_cave_pools, nicolae_ru_path_of_blood, kennysheep_another_room
D:5:      layout_basic, serial_shops, shop
D:6:      layout_basic, good_gods_mini_temple, mainiacjoe_overflow_catwalk,
          led_xom_imps, nicolae_overflow_hidden_temple, uniq_eustachio,
          uniq_crazy_yiuf_cottage
D:7:      layout_layer_cave, nzn_overflow_gifts_of_might_and_magic,
          mainiacjoe_overflow_concentric_impassable,
          mainiacjoe_overflow_cross_hatched, minmay_temple_entry_enclosed_plants
D:8:      layout_loops_cross, minmay_shop_enchanted_jewellery, uniq_maggie
D:9:      layout_basic
D:10:     minmay_slanted_spiral_squares, layout_irregular_city,
          nicolae_dithmenos_shadow_blocks, erik_orc_1, enter_bailey_2
D:11:     layout_cave_pools, minmay_lair_entry_grove, uniq_harold
D:12:     layout_basic, gammafunk_ghost_berserking_beasts
D:13:     layout_loops_corners, david_vaults_1, minmay_misc_feat_diagonals
D:14:     nrook_guardian_serpent_snake_passage, layout_basic,
          hangedman_decor_slide_cut, serial_shops, nicolae_shop_dealshenge
D:15:     hangedman_depths_entry_civil_slaughter, layout_basic, serial_shops,
          shop
Temple:   corrupted_temple
Lair:1:   gammafunk_lair_enchanted_lake, layout_chaotic_city, basic_altar
Lair:2:   layout_roguey, nicolae_swamp_entry_splash_gauntlet,
          infiniplex_staircase_pool, uniq_gastronok
Lair:3:   layout_small_grid, guppyfry_snake_entry_garden, st_stairs_4,
          beast_lair_carwin_8
Lair:4:   layout_regular_city, slime_entry_1, portal_ice_cave_demonic_guard,
          serial_bayou_shore_b, grunt_megastairs_2
Lair:5:   evilmike_catoblepas_cave, layout_cave_shapes, serial_bayou_shore_a
Swamp:1:  layout_falls_marsh, evilmike_swamp_ruin_house_4
Swamp:2:  gammafunk_mikee_crab_dinner, layout_basic_swamp,
          hangedman_swamp_blocks, swamp_pool_4, nicolae_swamp_alligator_family,
          nicolae_swamp_decorative_isthmus
Swamp:3:  layout_falls_marsh, evilmike_swamp_ruin_house_2, swamp_pool_1_2,
          nicolae_swamp_soggy_hallways
Swamp:4:  swamp_vile, layout_basic_swamp, uniq_bai_suzhen
Snake:1:  layout_grid_shapes, nicolae_shop_unique_rings, serial_bayou_shore_b,
          minmay_shoptagon, uniq_kirke
Snake:2:  layout_cave_pods, lemuel_fruit_tree, uniq_asterion, uniq_donald
Snake:3:  layout_concentric_octagons, basic_altar
Snake:4:  grunt_snake_rune_serpentine_throne, layout_chambers
Slime:1:  layout_caves
Slime:2:  layout_caves
Slime:3:  layout_caves
Slime:4:  layout_caves, nicolae_slime_rock_hall_of_fame
Slime:5:  slime_pit_nicolae_block_by_block
Orc:1:    layout_caves
Orc:2:    pf_orc_diabolical, layout_caves, serial_shops, nicolae_lakefront_shop,
          nicolae_shop_overcharged_wands, uniq_josephine
Elf:1:    layout_gridlike, serial_shops, shop_fountains,
          minmay_elf_crystal_hexagon, minmay_elf_annihilation
Elf:2:    nicolae_elf_blades_splatter_lattice [nicolae_blade_entry_pointy_end],
          layout_loops_cross, evilmike_minifort
Elf:3:    minmay_elf_hall_four_x, layout_geoelf_diagonals
Vaults:1: nicolae_vaults_storing_the_good_stuff,
          nicolae_vaults_closet_pinwheel_5, nicolae_vaults_ring_of_whatevers,
          serial_library_hellmonk_open_cross, ontoclasm_vaults_spin,
          hangedman_vaults_trim, grunt_vaults_diagonal, v_misc_15,
          ontoclasm_vaults_eye, nicolae_vaults_closet_pinwheel_6, v_misc_4,
          layout_vaults_omnicross, serial_shops, shop
Vaults:2: nicolae_vaults_network_periphery, minmay_crypt_entry_nasty_monster,
          vaults_room_fours, hangedman_vaults_cutoff, vaults_room_hallway,
          nicolae_vaults_two_Ls, nicolae_vaults_house_1, v_misc_30, v_misc_3,
          nicolae_vaults_trapezoid_lopsided_3, nicolae_vaults_border_crossing,
          nicolae_vaults_oozy_zoo, vaults_dpeg_cross, layout_vaults_ring
Vaults:3: v_alt_pattern_5, nicolae_vaults_sesquioval_fish, v_rooms_3,
          nicolae_vaults_corridor_and_loot_room, nicolae_vaults_network_s,
          v_rooms_6, hangedman_vaults_trim, nicolae_vaults_cochlea,
          vaults_room_pool, layout_vaults_maze, uniq_mennas
Vaults:4: ebering_ghost_disaster_area, nicolae_vaults_more_shelving_1,
          nicolae_vaults_sightless_eye, nicolae_vaults_storage_room_statues,
          nicolae_vaults_little_ls, nicolae_vaults_sesquioval_fish,
          nicolae_vaults_storage_room_water, hangedman_vaults_slither,
          grunt_vaults_funnel, ontoclasm_vaults_ring_small,
          nicolae_vaults_diffraction_hallways, nicolae_vaults_house_1,
          layout_vaults_chaotic_city, serial_shops, shop
Vaults:5
Crypt:1:  layout_misc_corridors
Crypt:2:  layout_misc_corridors
Crypt:3:  lightli_unholy_cathedral, layout_chaotic_city,
          tomb_entry_forgotten_bobbens
Depths:1: layout_small_grid, infiniplex_enter_wizlab_spiral, tso_metal_star,
          pan_entry, grunt_hell_horde, st_stairs_13, lemuel_flame_loot_1
Depths:2: minmay_the_grid_square_5x5_5x5_mashed
          [minmay_the_grid_square_5x5_three_walls,
          minmay_the_grid_square_5x5_inner_i,
          minmay_the_grid_square_5x5_n_small,
          minmay_the_grid_square_5x5_detours,
          minmay_the_grid_square_5x5_longway,
          minmay_the_grid_square_5x5_percent,
          minmay_the_grid_square_5x5_prize_junk, minmay_the_grid_square_5x5_z,
          minmay_the_grid_square_5x5_prize_pseudospiral,
          minmay_the_grid_square_5x5_inset, minmay_the_grid_square_5x5_spiral,
          minmay_the_grid_square_5x5_forky,
          minmay_the_grid_square_5x5_prize_snowflake,
          minmay_the_grid_square_5x5_lines, minmay_the_grid_square_5x5_tie,
          minmay_the_grid_square_5x5_beaten_path,
          minmay_the_grid_square_5x5_prize_waves,
          minmay_the_grid_square_5x5_inverted_slash,
          minmay_the_grid_square_5x5_prize_gold,
          minmay_the_grid_square_5x5_minimal, minmay_the_grid_square_5x5_bridge,
          minmay_the_grid_square_5x5_corner,
          minmay_the_grid_square_5x5_tri_point,
          minmay_the_grid_square_5x5_dogpile, minmay_the_grid_square_5x5_eight],
          layout_honeycomb, enter_ziggurat_a, hell_entry,
          nicolae_abyss_entry_one_way_or_another, kiku_gazebo_pond_becter,
          pan_entry
Depths:3: grunt_house_of_mirrors, layout_cave_pools, minmay_misc_feat_rugged,
          serial_sigils, serial_sigils_hangedman_shear,
          serial_sigils_hangedman_etch, serial_sigils_hangedman_gut,
          serial_sigils_hangedman_writhe, abyss_entry, hangedman_coc_ice_floe,
          rand_demon_pan_entry_8, uniq_sojobo, uniq_vv
Depths:4: grunt_zot_entry_tricorne, layout_gridlike, minmay_misc_feat_enclosed,
          pf_vacation_house_of_asmodeus
Zot:1:    dreamdust_black_sun_cult, layout_cathedral_of_symmetry,
          skrybe_zot_glass_3, gammafunk_ghost_cemetery, uniq_josephina
Zot:2:    layout_onion, regret_index_zotdec_glowing_original, uniq_tiamat
Zot:3:    minmay_elemental_castle, layout_onion_interference
Zot:4:    layout_cathedral_of_symmetry, regret_index_zotdec_fiery_em
Zot:5:    layout_onion

Skill      XL: |  1  2  3  4  5  6  7  8  9 10 11 12 13 14 15 16 17 18 19 20 21 22 23 24 25 26 27 |
---------------+----------------------------------------------------------------------------------+-----
Polearms       | 1 2 3 4 6 7 9 11 12 | 12.0
Fighting       | 3 4 5 6 7 8 9 11 12 14 16 18 19 | 19.5
Evocations     | 1 3 4 5 6 13 | 13.3
Shields        | 1 3 6 7 9 10 12 13 14 17 | 17.0
Hexes          | 3 |  3.0
Dodging        | 4 6 8 11 13 14 16 18 19 | 19.1
Shapeshifting  | 3 6 7 8 10 11 | 11.0
Translocations | 3 5 6 7 8 |  8.0
Summonings     | 6 11 12 13 16 18 19 | 19.9
Spellcasting   | 4 7 8 9 11 12 13 15 17 18 | 18.1
Axes           | 2 7 11 15 17 18 | 18.3
Air Magic      | 3 5 6 8 |  8.0
Ice Magic      | 2 7 |  7.0
Stealth        | 6 |  6.6
Unarmed Combat | |  3.7
Conjurations   | |  3.0

Action                     |  1- 3 |  4- 6 |  7- 9 | 10-12 | 13-15 | 16-18 | 19-21 | 22-24 | 25-27 || total
---------------------------+-------+-------+-------+-------+-------+-------+-------+-------+-------++-------
  Melee: Unarmed           |    37 |       |       |       |       |       |       |       |       ||    37
         Constrict         |    13 |    16 |    40 |    54 |   120 |   161 |   148 |   225 |   173 ||   950
         Tentacles         |    13 |     9 |    54 |   134 |   295 |   314 |   427 |   777 |   652 ||  2675
         Spear             |    16 |    81 |   244 |   648 |  1143 |  1299 |  1338 |  1920 |       ||  6689
         Punch             |     1 |       |     4 |    21 |    47 |    49 |    81 |   119 |   100 ||   422
         Maw               |       |       |       |       |       |       |       |   876 |   746 ||  1622
         Broad axe         |       |       |       |       |       |       |       |   162 |  1475 ||  1637
  Throw: Dart              |       |       |       |     3 |       |       |       |     1 |     7 ||    11
         Throwing net      |       |       |       |       |     1 |     1 |       |     1 |       ||     3
   Cast: Summon Forest     |       |       |       |       |       |    13 |    23 |    26 |    18 ||    80
         Summon Hydra      |       |       |       |       |       |       |       |    15 |    56 ||    71
         Summon Lightning  |       |       |       |       |       |       |       |    12 |     6 ||    18
         Ozocubu's Armour  |       |       |       |       |       |       |       |     1 |       ||     1
         Dragon's Call     |       |       |       |       |       |       |       |       |    12 ||    12
         Summon Cactus Gia |       |       |       |       |       |       |       |       |    23 ||    23
         Summon Mana Viper |       |       |       |       |       |       |       |       |     4 ||     4
         Apportation       |       |       |       |       |       |       |       |       |     3 ||     3
         Blink             |       |       |       |       |       |       |       |       |     2 ||     2
         Vhi's Electric Ch |       |       |       |       |       |       |       |       |     1 ||     1
  Evoke: Wand              |       |       |     1 |     1 |    14 |    10 |     5 |       |    11 ||    42
         Lightning rod     |       |       |       |       |     4 |     4 |     1 |     1 |     7 ||    17
         Sack of spiders   |       |       |       |       |       |     1 |     1 |       |     2 ||     4
         Phantom mirror    |       |       |       |       |       |       |       |     1 |     2 ||     3
         Phial of floods   |       |       |       |       |       |       |       |       |     1 ||     1
    Use: Scroll            |       |       |     1 |    11 |     9 |    11 |    10 |    14 |    32 ||    88
         Potion            |       |       |       |     2 |     3 |     8 |     4 |     8 |    26 ||    51
   Stab: Sleeping          |       |     2 |     1 |     2 |     1 |     3 |     8 |    14 |    10 ||    41
         Distracted        |       |     1 |     1 |     3 |    11 |    21 |    25 |    31 |    48 ||   141
         Held in net/web   |       |       |       |     2 |       |       |       |     1 |       ||     3
         Invisible         |       |       |       |       |       |       |       |       |     8 ||     8
         Paralysed         |       |       |       |       |       |       |       |       |     1 ||     1
 Armour: Skin              |    11 |    16 |    41 |    88 |   197 |   238 |   168 |   373 |   357 ||  1489
  Dodge: Dodged            |    26 |    20 |    76 |   122 |   227 |   254 |   327 |   543 |   723 ||  2318
  Block: Kite shield       |       |       |    22 |   332 |   544 |   612 |   648 |  1091 |  1058 ||  4307
         Reflection        |       |       |     4 |    17 |    43 |    77 |       |       |     5 ||   146
   Form: Beast             |       |       |       |     1 |       |       |       |       |       ||     1
         Maw               |       |       |       |       |       |       |       |     1 |       ||     1
